TOP OF THE 1ST |
Montgomery Biscuits batting - Pitching for Key West Barracudas : LHP Luis Rodríguez
|
Pitching: LHP Luis Rodríguez
|
|
Batting: RHB Gabriel Miranda
|
0-0: Fly out, F9 (Flyball, 9S)
|
Batting: RHB Manny Sánchez
|
0-0: Ball 1-0: Ball 2-0: Ball 3-0: Called Strike 3-1: Base on Balls
|
Batting: SHB Andrew Curran
|
0-0: Called Strike 0-1: Ball 1-1: Swinging Strike 1-2: Ball 2-2: DOUBLE (Line Drive, 7LM) Manny Sánchez to third
|
Batting: RHB Pete Smith
|
0-0: Swinging Strike 0-1: Ball 1-1: Foul Ball, location: 2F 1-2: Fly out, F8 (Flyball, 8RXD) Runner from 3rd tags up, SCORES, no throw Andrew Curran to third
|
Batting: RHB Jean-Paul St-Pierre
|
0-0: Ball 1-0: Called Strike 1-1: Called Strike 1-2: Foul Ball, location: 2F 1-2: Strikes out swinging
|
Top of the 1st over - 1 run(s), 1 hit(s), 0 error(s), 1 left on base; Montgomery 1 - Key West 0 |
BOTTOM OF THE 1ST |
Key West Barracudas batting - Pitching for Montgomery Biscuits : LHP Gonzalo Martínez
|
Pitching: LHP Gonzalo Martínez
|
|
Batting: SHB Rodney Birling
|
0-0: Ball 1-0: Ball 2-0: Ball 3-0: Called Strike 3-1: Called Strike 3-2: Base on Balls
|
Batting: RHB Dave Nelson
|
0-0: Ball 1-0: Foul Ball, location: 2F 1-1: Ball 2-1: Foul Ball, location: 2F 2-2: Ball 3-2: Strikes out swinging Rodney Birling steals 2nd base Batter strikes out.
|
Batting: RHB Carlos Miranda
|
0-0: Ball 1-0: Ball 2-0: Foul Ball, location: 2F 2-1: Called Strike 2-2: Foul Ball, location: 2F 2-2: Foul Ball, location: 2F 2-2: Foul Ball, location: 2F 2-2: Ball 3-2: Strikes out swinging
|
Batting: RHB Ramiro Gámez
|
0-0: Called Strike 0-1: Called Strike 0-2: Foul Ball, location: 2F 0-2: DOUBLE (Flyball, 8RXD) Rodney Birling scores
|
Batting: RHB Luther Stoffels
|
0-0: Ball 1-0: Ball 2-0: Called Strike 2-1: Foul Ball, location: 2F 2-2: DOUBLE (Flyball, 89M) Ramiro Gámez scores
|
Batting: RHB Kenny Cole
|
0-0: Called Strike 0-1: Ball 1-1: Ball 2-1: Fly out, F3 (Popup, 3F)
|
Bottom of the 1st over - 2 run(s), 2 hit(s), 0 error(s), 1 left on base; Montgomery 1 - Key West 2 |
TOP OF THE 2ND |
Montgomery Biscuits batting - Pitching for Key West Barracudas : LHP Luis Rodríguez
|
Batting: RHB Vicente Carona
|
0-0: Ball 1-0: Ball 2-0: Ball 3-0: Base on Balls
|
Batting: RHB Dave Williams
|
0-0: Ball 1-0: SINGLE (Groundball, 5D) Vicente Carona to second
|
Batting: RHB Larry Mitchell
|
0-0: Foul Ball, location: 2F 0-1: Swinging Strike 0-2: Foul Ball, location: 2F 0-2: Foul Ball, location: 2F 0-2: Ball 1-2: Ball 2-2: Foul Ball, location: 2F 2-2: Foul Ball, location: 2F 2-2: SINGLE (Line Drive, 89S) Vicente Carona to third Dave Williams to second
|
Batting: RHB Collin Smith
|
0-0: SINGLE (Line Drive, 89M) Vicente Carona scores Dave Williams to third Larry Mitchell to second
|
Batting: RHB Gabriel Miranda
|
0-0: Grounds into double play, 5-4-3 (Groundball, 56) Dave Williams scores Larry Mitchell to third
|
Batting: RHB Manny Sánchez
|
0-0: Ball 1-0: Ball 2-0: Called Strike 2-1: Called Strike 2-2: Strikes out swinging
|
Top of the 2nd over - 2 run(s), 3 hit(s), 0 error(s), 1 left on base; Montgomery 3 - Key West 2 |
BOTTOM OF THE 2ND |
Key West Barracudas batting - Pitching for Montgomery Biscuits : LHP Gonzalo Martínez
|
Batting: LHB Jake Wells
|
0-0: Ball 1-0: Swinging Strike 1-1: Foul Ball, location: 2F 1-2: Ball 2-2: Foul Ball, location: 2F 2-2: Strikes out looking
|
Batting: RHB Victor Baker
|
0-0: Called Strike 0-1: Called Strike 0-2: SINGLE (Groundball, 56D)
|
Batting: RHB Dan Craft
|
0-0: Ball 1-0: Foul Ball, location: 2F 1-1: Called Strike Victor Baker is caught stealing 2nd base 1-2: Ball 2-2: Ball 3-2: Ground out 3-4 (Groundball, 3)
|
Bottom of the 2nd over - 0 run(s), 1 hit(s), 0 error(s), 0 left on base; Montgomery 3 - Key West 2 |
TOP OF THE 3RD |
Montgomery Biscuits batting - Pitching for Key West Barracudas : LHP Luis Rodríguez
|
Batting: SHB Andrew Curran
|
0-0: Ball 1-0: Ball 2-0: Ball 3-0: Called Strike 3-1: Base on Balls
|
Batting: RHB Pete Smith
|
0-0: Ball 1-0: Ball 2-0: Ball 3-0: Base on Balls Andrew Curran to second
|
Batting: RHB Jean-Paul St-Pierre
|
0-0: Foul Ball, location: 2F 0-1: Fly out, F5 (Popup, 25F)
|
Batting: RHB Vicente Carona
|
0-0: Ball 1-0: Ball 2-0: Ball 3-0: Called Strike 3-1: Base on Balls Andrew Curran to third Pete Smith to second
|
Batting: RHB Dave Williams
|
0-0: Ball 1-0: SINGLE (Groundball, 56) Andrew Curran scores Pete Smith to third Vicente Carona to second Runner from 3rd tries for Home, SAFE, throw made home
|
Batting: RHB Larry Mitchell
|
0-0: Called Strike 0-1: Called Strike 0-2: Foul Ball, location: 2F 0-2: Fly out, F7 (Flyball, 7D) Runner from 2nd tags up, SAFE at 3rd, no throw
|
Batting: RHB Collin Smith
|
0-0: Ball 1-0: Foul Ball, location: 2F 1-1: Ball 2-1: SINGLE (Groundball, 5S) Vicente Carona scores Dave Williams to second
|
Batting: RHB Gabriel Miranda
|
0-0: Ball 1-0: Ball 2-0: Called Strike 2-1: Ball 3-1: 3-RUN HOME RUN (Flyball, 78XD), Distance : 401 ft
|
Batting: RHB Manny Sánchez
|
0-0: Ball 1-0: Ball 2-0: Ball 3-0: Base on Balls
|
Pitching: RHP Chris Jones
|
|
Batting: SHB Andrew Curran
|
0-0: Swinging Strike 0-1: Swinging Strike 0-2: Ball 1-2: Ball 2-2: SINGLE (Groundball, 34D) (infield hit) Manny Sánchez to second
|
Batting: RHB Pete Smith
|
0-0: Called Strike 0-1: Foul Ball, location: 2F 0-2: Strikes out swinging
|
Top of the 3rd over - 6 run(s), 4 hit(s), 0 error(s), 2 left on base; Montgomery 9 - Key West 2 |
BOTTOM OF THE 3RD |
Key West Barracudas batting - Pitching for Montgomery Biscuits : LHP Gonzalo Martínez
|
Batting: SHB Rodney Birling
|
0-0: Ball 1-0: SINGLE (Groundball, 56D)
|
Batting: RHB Dave Nelson
|
0-0: Ball 1-0: Called Strike 1-1: Ball 2-1: Grounds into double play, 6-4-3 (Groundball, 6)
|
Batting: RHB Carlos Miranda
|
0-0: Swinging Strike 0-1: Foul Ball, location: 2F 0-2: Strikes out looking
|
Bottom of the 3rd over - 0 run(s), 1 hit(s), 0 error(s), 0 left on base; Montgomery 9 - Key West 2 |
TOP OF THE 4TH |
Montgomery Biscuits batting - Pitching for Key West Barracudas : RHP Chris Jones
|
Batting: RHB Jean-Paul St-Pierre
|
0-0: Ball 1-0: Called Strike 1-1: Ball 2-1: Swinging Strike 2-2: Ball 3-2: Foul Ball, location: 2F 3-2: Foul Ball, location: 2F 3-2: Strikes out swinging
|
Batting: RHB Vicente Carona
|
0-0: Foul Ball, location: 2F 0-1: SINGLE (Line Drive, 78M)
|
Batting: RHB Dave Williams
|
0-0: Ball 1-0: Ball 2-0: Called Strike 2-1: Ball 3-1: Foul Ball, location: 2F 3-2: Strikes out looking
|
Batting: RHB Larry Mitchell
|
0-0: Ball 1-0: Ball 2-0: Ground out 2-3 (Groundball, 2R)
|
Top of the 4th over - 0 run(s), 1 hit(s), 0 error(s), 1 left on base; Montgomery 9 - Key West 2 |
BOTTOM OF THE 4TH |
Key West Barracudas batting - Pitching for Montgomery Biscuits : LHP Gonzalo Martínez
|
Batting: RHB Ramiro Gámez
|
0-0: Ball 1-0: Called Strike 1-1: Ball 2-1: Called Strike 2-2: Ball 3-2: Base on Balls
|
Batting: RHB Luther Stoffels
|
0-0: Grounds into double play, 1-6-3 (Groundball, 13)
|
Batting: RHB Kenny Cole
|
0-0: Ball 1-0: Ball 2-0: Ball 3-0: Called Strike 3-1: Called Strike 3-2: Foul Ball, location: 2F 3-2: Fly out, F4 (Popup, 4)
|
Bottom of the 4th over - 0 run(s), 0 hit(s), 0 error(s), 0 left on base; Montgomery 9 - Key West 2 |
TOP OF THE 5TH |
Montgomery Biscuits batting - Pitching for Key West Barracudas : RHP Chris Jones
|
Batting: RHB Collin Smith
|
0-0: Foul Ball, location: 2F 0-1: DOUBLE (Flyball, 7LD)
|
Batting: RHB Gabriel Miranda
|
0-0: Foul Ball, location: 2F 0-1: Foul Ball, location: 2F 0-2: Strikes out swinging
|
Batting: RHB Manny Sánchez
|
0-0: Ball 1-0: Ball 2-0: Called Strike 2-1: Foul Ball, location: 2F 2-2: Strikes out swinging
|
Batting: SHB Andrew Curran
|
0-0: Called Strike 0-1: Ball 1-1: Called Strike 1-2: Ball 2-2: Ball 3-2: SINGLE (Line Drive, 4D) Collin Smith to third Collin Smith scores
|
Batting: RHB Pete Smith
|
0-0: Ball 1-0: Fly out, F7 (Line Drive, 78S)
|
Top of the 5th over - 1 run(s), 2 hit(s), 0 error(s), 1 left on base; Montgomery 10 - Key West 2 |
BOTTOM OF THE 5TH |
Key West Barracudas batting - Pitching for Montgomery Biscuits : LHP Gonzalo Martínez
|
Batting: LHB Jake Wells
|
0-0: Ball 1-0: Ball 2-0: Foul Ball, location: 2F 2-1: Foul Ball, location: 2F 2-2: Strikes out looking
|
Batting: RHB Victor Baker
|
0-0: Ball 1-0: Swinging Strike 1-1: Ball 2-1: SINGLE (Line Drive, 7LS)
|
Pitching: LHP Steve Billington
|
|
Batting: RHB Dan Craft
|
0-0: Ball 1-0: Ball 2-0: Called Strike 2-1: Swinging Strike 2-2: Grounds into double play, 6-4-3 (Groundball, 6)
|
Bottom of the 5th over - 0 run(s), 1 hit(s), 0 error(s), 0 left on base; Montgomery 10 - Key West 2 |
TOP OF THE 6TH |
Montgomery Biscuits batting - Pitching for Key West Barracudas : RHP Chris Jones
|
Batting: RHB Jean-Paul St-Pierre
|
0-0: Called Strike 0-1: Ball 1-1: Fly out, F9 (Line Drive, 9S)
|
Batting: RHB Vicente Carona
|
0-0: Ball 1-0: Ball 2-0: Called Strike 2-1: Ball 3-1: Foul Ball, location: 2F 3-2: Base on Balls
|
Batting: RHB Dave Williams
|
0-0: Called Strike 0-1: Ball 1-1: Grounds into double play, 6-4-3 (Groundball, 56)
|
Top of the 6th over - 0 run(s), 0 hit(s), 0 error(s), 0 left on base; Montgomery 10 - Key West 2 |
BOTTOM OF THE 6TH |
Key West Barracudas batting - Pitching for Montgomery Biscuits : LHP Steve Billington
|
Batting: SHB Rodney Birling
|
0-0: Ball 1-0: Fly out, F7 (Flyball, 78S)
|
Batting: RHB Dave Nelson
|
0-0: Ball 1-0: SINGLE (Flyball, 8LS)
|
Batting: RHB Carlos Miranda
|
0-0: Ball 1-0: Ball 2-0: Foul Ball, location: 2F 2-1: DOUBLE (Groundball, 5L) Dave Nelson to third Runner from 3rd tries for Home, SAFE, throw made home
|
Batting: RHB Ramiro Gámez
|
0-0: Called Strike 0-1: Foul Ball, location: 2F 0-2: Foul Ball, location: 2F 0-2: Ground out 6-3 (Groundball, 6M) Carlos Miranda to third
|
Batting: RHB Luther Stoffels
|
0-0: Foul Ball, location: 2F 0-1: Called Strike 0-2: Strikes out swinging
|
Bottom of the 6th over - 1 run(s), 2 hit(s), 0 error(s), 1 left on base; Montgomery 10 - Key West 3 |
TOP OF THE 7TH |
Montgomery Biscuits batting - Pitching for Key West Barracudas : RHP Chris Jones
|
Pitching: RHP Gerald Núńez
|
|
Batting: RHB Larry Mitchell
|
0-0: SINGLE (Groundball, 6)
|
Batting: RHB Collin Smith
|
0-0: Sac Bunt - play at first, batter OUT! 1-4 Larry Mitchell to second
|
Batting: RHB Gabriel Miranda
|
0-0: Ball 1-0: Called Strike 1-1: SINGLE (Groundball, 13) (infield hit) Larry Mitchell to third
|
Batting: RHB Manny Sánchez
|
0-0: Ball 1-0: Ball 2-0: DOUBLE (Line Drive, 9LS) Larry Mitchell scores Gabriel Miranda to third
|
Batting: SHB Andrew Curran
|
0-0: Ball 1-0: Swinging Strike 1-1: Foul Ball, location: 2F 1-2: Strikes out looking
|
Batting: RHB Pete Smith
|
0-0: Ball 1-0: Ball 2-0: Ground out U3 (Groundball, 3S)
|
Top of the 7th over - 1 run(s), 3 hit(s), 0 error(s), 2 left on base; Montgomery 11 - Key West 3 |
BOTTOM OF THE 7TH |
Key West Barracudas batting - Pitching for Montgomery Biscuits : LHP Steve Billington
|
Batting: RHB Kenny Cole
|
0-0: Foul Ball, location: 2F 0-1: SINGLE (Groundball, 6M)
|
Batting: LHB Jake Wells
|
0-0: Ball 1-0: Called Strike Kenny Cole is caught stealing 2nd base 1-1: Ball 2-1: Ground out 1-3 (Groundball, 13)
|
Batting: RHB Victor Baker
|
0-0: Ball 1-0: Swinging Strike 1-1: Foul Ball, location: 2F 1-2: Ball 2-2: Strikes out swinging
|
Bottom of the 7th over - 0 run(s), 1 hit(s), 0 error(s), 0 left on base; Montgomery 11 - Key West 3 |
TOP OF THE 8TH |
Montgomery Biscuits batting - Pitching for Key West Barracudas : RHP Gerald Núńez
|
Batting: RHB Jean-Paul St-Pierre
|
0-0: SINGLE (Groundball, 56D)
|
Batting: RHB Vicente Carona
|
0-0: Bunted foul 0-1: Bunted foul 0-2: SINGLE (Groundball, 56D) Jean-Paul St-Pierre to second
|
Batting: RHB Dave Williams
|
0-0: Bunted foul 0-1: Sac Bunt - play at first, batter OUT! 3-4 Jean-Paul St-Pierre to third Vicente Carona to second
|
Batting: RHB Larry Mitchell
|
0-0: Ball 1-0: Ground out 6-3 (Groundball, 6MS) Jean-Paul St-Pierre scores Vicente Carona to third
|
Batting: RHB Collin Smith
|
0-0: Called Strike 0-1: Ball 1-1: SINGLE (Line Drive, 8LS) Vicente Carona scores
|
Batting: RHB Gabriel Miranda
|
|
Pinch Hitting: LHB José Martínez
|
0-0: SINGLE (Line Drive, 56D) Collin Smith to second
|
Batting: RHB Manny Sánchez
|
0-0: Called Strike 0-1: Ball 1-1: Ball 2-1: Called Strike 2-2: Ball 3-2: Fly out, F9 (Line Drive, 9M)
|
Top of the 8th over - 2 run(s), 4 hit(s), 0 error(s), 2 left on base; Montgomery 13 - Key West 3 |
BOTTOM OF THE 8TH |
Key West Barracudas batting - Pitching for Montgomery Biscuits : LHP Steve Billington
|
Pitching: RHP Ángel Ávila
|
|
Now at 3B: José Martínez
|
|
Batting: RHB Dan Craft
|
0-0: SINGLE (Flyball, 9S)
|
Batting: SHB Rodney Birling
|
0-0: Ball 1-0: Called Strike 1-1: Ground out 3-1 (Groundball, 34S) Dan Craft to second
|
Batting: RHB Dave Nelson
|
0-0: Ball 1-0: Ball 2-0: Swinging Strike 2-1: Swinging Strike 2-2: Strikes out looking
|
Batting: RHB Carlos Miranda
|
0-0: Ball 1-0: Ball 2-0: Fly out, F9 (Flyball, 9M)
|
Bottom of the 8th over - 0 run(s), 1 hit(s), 0 error(s), 1 left on base; Montgomery 13 - Key West 3 |
TOP OF THE 9TH |
Montgomery Biscuits batting - Pitching for Key West Barracudas : RHP Gerald Núńez
|
Batting: SHB Andrew Curran
|
0-0: Ball 1-0: Called Strike 1-1: Foul Ball, location: 2F 1-2: Ground out 4-3 (Groundball, 4)
|
Batting: RHB Pete Smith
|
0-0: Called Strike 0-1: Ball 1-1: Fly out, F8 (Flyball, 8LD)
|
Batting: RHB Jean-Paul St-Pierre
|
0-0: Called Strike 0-1: Foul Ball, location: 2F 0-2: Foul Ball, location: 2F 0-2: Strikes out looking
|
Top of the 9th over - 0 run(s), 0 hit(s), 0 error(s), 0 left on base; Montgomery 13 - Key West 3 |
BOTTOM OF THE 9TH |
Key West Barracudas batting - Pitching for Montgomery Biscuits : RHP Ángel Ávila
|
Batting: RHB Ramiro Gámez
|
0-0: Called Strike 0-1: Foul Ball, location: 2F 0-2: Strikes out swinging, 2-3 out at first.
|
Batting: RHB Luther Stoffels
|
0-0: Ball 1-0: Called Strike 1-1: Ball 2-1: Fly out, F8 (Flyball, 8RS)
|
Batting: RHB Kenny Cole
|
0-0: Ball 1-0: Ball 2-0: Ball 3-0: Base on Balls
|
Batting: LHB Jake Wells
|
0-0: Ball 1-0: Fly out, F2 (Popup, 2L)
|
Bottom of the 9th over - 0 run(s), 0 hit(s), 0 error(s), 1 left on base; Montgomery 13 - Key West 3 |
|